 Dungeon Crawl Stone Soup version 0.23-a0-643-g9ccc95a (webtiles) character file.

236 Borgoz the Skirmisher (level 6, 0/52 (53) HPs)
             Began as a Ghoul Abyssal Knight on Jan 1, 2019.
             Was a Priest of Lugonu.
             Slain by a black bear (1 damage)
             ... on level 5 of the Dungeon.
             The game lasted 00:04:42 (2901 turns).

Borgoz the Skirmisher (Ghoul Abyssal Knight)        Turns: 2901, Time: 00:04:43

HP:   0/52 (53)     AC:  8    Str: 14 (16) XL:     6   Next: 6%
MP:   7/7           EV:  6    Int:  4 (7)  God:    Lugonu [***...]
Gold: 99            SH:  0    Dex:  9 (10) Spells: 5/5 levels left

rFire    . . .     SeeInvis .     - Unarmed
rCold    + + .     Gourm    .   (no shield)
rNeg     + + +     Faith    .   p - +0 chain mail {rC+}
rPois    ∞         Spirit   .   (no helmet)
rElec    .         Reflect  .   (no cloak)
rCorr    .         Harm     .   (no gloves)
MR       .....                  (no boots)
Stlth    ..........             (no amulet)
HPRegen  0.00/turn              (no ring)
MPRegen  0.10/turn              (no ring)

@: rotting
A: rotting body, claws 1, carnivore, cold resistance 1, negative energy
resistance 3, inhibited regeneration, torment resistance, unbreathing
a: Depart the Abyss, Bend Space, Banish, Renounce Religion


You were on level 5 of the Dungeon.
You worshipped Lugonu.
Lugonu was most pleased with you.
You were not hungry.

You visited 1 branch of the dungeon, and saw 5 of its levels.
You visited the Abyss 1 time.

You collected 99 gold pieces.

Inventory:

Armour
 p - a +0 chain mail of cold resistance (worn)
Wands
 o - a wand of polymorph (7)
Scrolls
 a - a scroll of magic mapping {unknown}
 c - a scroll of teleportation
 d - a scroll of immolation {unknown}
 f - a scroll of enchant weapon {unknown}
 h - a scroll of amnesia {unknown}
 j - a scroll of remove curse {unknown}
 k - a scroll of blinking
 m - a scroll of fear {unknown}
Potions
 e - a potion of magic {unknown}
 g - a potion of lignification {unknown}
 i - a potion of degeneration
 l - a potion of ambrosia {unknown}
 n - a potion of mutation {unknown}
Comestibles
 b - 6 rations


   Skills:
 * Level 4.7 Fighting
 + Level 2.5 Armour
 + Level 1.8 Dodging
 * Level 4.2 Unarmed Combat
 + Level 2.8 Invocations


You had 5 spell levels left.
You didn't know any spells.
Your spell library was empty.

Dungeon Overview and Level Annotations

Branches:
Dungeon (5/15)
 Temple: D:4-7

Altars:
Ashenzari
Hepliaklqana
Kikubaaqudgha
Ru
Trog


Innate Abilities, Weirdness & Mutations

Your body is rotting away.
You thrive on raw meat.
You are immune to poison.
You have sharp fingernails.
You are carnivorous and can eat meat at any time.
Your flesh is cold resistant. (rC+)
You are immune to negative energy. (rN+++)
You do not regenerate when monsters are visible.
You are immune to unholy pain and torment.
You can survive without breathing.


Message History

The gnoll is severely wounded.
The black bear bites you but does no damage.
The black bear claws you but does no damage. x2
The worm barely misses you. The gnoll barely misses you.
You scratch the gnoll but do no damage.
The gnoll is severely wounded.
The black bear bites you.
* * * LOW HITPOINT WARNING * * *
The black bear claws you but does no damage.
The black bear claws you.
* * * LOW HITPOINT WARNING * * *
It was a potion of degeneration.
There was something very wrong with that liquid.
You feel weakened.
You feel dopey.
You feel clumsy. The gnoll hits you with a +0 flail.
* * * LOW HITPOINT WARNING * * *
The worm bites you.
* * * LOW HITPOINT WARNING * * *
The black bear bites you.
You die...

#.# #.#
#.# ..#
# #..
.# #
#.# ..
#.#w#.#
#.g@h.#
#####.#
#


You could see a black bear, a worm and a gnoll.

Vanquished Creatures
  Ijyb (D:4)
  12 adders
  2 oozes (D:1)
  2 worms
  6 leopard geckos
  An orc (D:3)
  4 goblins
  9 hobgoblins
  7 jackals
  6 kobolds
  2 quokkas
  7 ball pythons
  15 bats
  5 frilled lizards
  A jackal zombie (D:4)
  7 rats
87 creatures vanquished.

Notes
Turn   | Place    | Note
-------+----------+-------------------------------------------
     0 | Abyss:1  | Borgoz the Ghoul Abyssal Knight began the quest for the
                  | Orb.
     0 | Abyss:1  | Reached XP level 1. HP: 19/19 MP: 1/1
    21 | Abyss:1  | Found a corrupted altar of Lugonu.
    24 | Abyss:1  | Found a corrupted altar of Lugonu.
    61 | Abyss:2  | Found a corrupted altar of Lugonu.
    71 | Abyss:2  | Noticed a small abomination
    74 | D:1      | Escaped the Abyss
    85 | D:1      | Reached * piety under Lugonu
   132 | D:1      | Reached XP level 2. HP: 22/26 MP: 2/2
   255 | D:1      | Reached skill level 1 in Dodging
   398 | D:1      | Reached XP level 3. HP: 26/33 MP: 3/3
   812 | D:2      | Reached XP level 4. HP: 9/40 MP: 4/4
   825 | D:2      | Found a shattered altar of Ashenzari.
   866 | D:2      | Found a hazy altar of Hepliaklqana.
   868 | D:2      | Found a sacrificial altar of Ru.
   868 | D:2      | Found a bloodstained altar of Trog.
   868 | D:2      | Found an ancient bone altar of Kikubaaqudgha.
  1100 | D:2      | Reached ** piety under Lugonu
  1364 | D:2      | Reached XP level 5. HP: 13/46 MP: 5/5
  2365 | D:3      | Reached *** piety under Lugonu
  2714 | D:4      | Noticed Ijyb
  2742 | D:4      | Killed Ijyb
  2742 | D:4      | Reached XP level 6. HP: 32/52 MP: 7/7
  2839 | D:4      | Noticed a black bear
  2839 | D:4      | an ogre changed into a black bear
  2867 | D:5      | Entered Level 5 of the Dungeon
  2901 | D:5      | HP: 1/52 [worm (3)]
  2901 | D:5      | Slain by a black bear

Vault maps used:
D:1:      dpeg_arrival_orchard
D:2:      chequers_temple_overflow_statue_of_worship,
          ashenzari_conservatory_becter, first_ration, kennysheep_pointless_box
D:3:      minmay_snake_closets
D:4:      nicolae_overflow_crystal_walls, minmay_temple_entry_offerings,
          uniq_ijyb
D:5:      minmay_thinvault, uniq_sigmund, uniq_prince_ribbit1, uniq_menkaure
Abyss:2:  evilmike_abyss_exit_plants

Skill      XL: |  1  2  3  4  5 |
---------------+----------------+-----
Armour         | 2 |  2.5
Dodging        | 1 |  1.8
Unarmed Combat | 3 4 |  4.2
Fighting       | 4 |  4.7
Invocations    | |  2.8

Action                   |  1- 3 |  4- 6 || total
-------------------------+-------+-------++-------
Melee: Unarmed           |   118 |   252 ||   370
       Punch             |       |     6 ||     6
Invok: Depart the Abyss  |     1 |       ||     1
Evoke: Wand              |       |     2 ||     2
  Use: Potion            |     1 |     1 ||     2
       Scroll            |       |     2 ||     2
  Eat: Chunk             |     7 |    16 ||    23
Armor: Leather armour    |    31 |    61 ||    92
       Chain mail        |       |    12 ||    12
Dodge: Dodged            |    71 |   147 ||   218

Table legend:
 A = Non-vault XP
 B = Vault XP
 C = Vault XP percentage of total XP
 D = Non-vault monster count
 E = Vault monster count
 F = Vault count percentage of total count
                 A         B        C        D         E       F
            +---------+---------+-------+---------+---------+-------
      Total |     226 |     112 |  33.1 |      75 |      12 |  13.8
            +---------+---------+-------+---------+---------+-------
        D:1 |      44 |       0 |   0.0 |      20 |       0 |   0.0
        D:2 |     145 |       0 |   0.0 |      35 |       0 |   0.0
        D:3 |      36 |      76 |  67.9 |      19 |      11 |  36.7
        D:4 |       1 |      36 |  97.3 |       1 |       1 |  50.0
            +---------+---------+-------+---------+---------+-------
